 Dungeon Crawl Stone Soup version 0.17.0-28-g6e173f8 (webtiles) character file.

520 dohliylev the Covert (level 7, 0/51 HPs)
             Began as a Vampire Assassin on Nov 24, 2015.
             Slain by a mummy (13 damage)
             ... in an ossuary.
             The game lasted 00:44:09 (4390 turns).

dohliylev the Covert (Vampire Assassin)             Turns: 4390, Time: 00:44:09

Health: 0/51       AC:  4    Str: 10    XL:     7   Next: 1%
Magic:  7/7        EV:  7    Int: 14    God:
Gold:   162        SH:  0    Dex: 17    Spells: 0 memorised, 6 levels left

rFire  . . .     SeeInvis +     C - +2 dagger (venom)
rCold  + + .     Clarity  .     c - +0 robe
rNeg   + + +     SustAt   .     (no shield)
rPois  +         Gourm    .     l - +0 helmet
rElec  .         Spirit   .     d - +0 cloak
rCorr  .         Warding  .     (no gloves)
rMut   .         Stasis   .     (no boots)
MR     +....                    (no amulet)
Stlth  ++++++....               (no ring)
                                B - ring of protection from magic

@: held, regenerating slowly, somewhat resistant to hostile enchantments, very
stealthy
A: fangs 3, see invisible, unbreathing
a: Bat Form


You were in an ossuary.
You were near bloodless.

You visited 1 branch of the dungeon, and saw 4 of its levels.
You also visited: Sewer and Ossuary.

You collected 162 gold pieces.

Inventory:

Hand Weapons
 b - a +0 blowgun
 A - a +2 dagger of speed
 C - a +2 dagger of venom (weapon)
Missiles
 e - 31 poisoned needles
 f - 2 curare-tipped needles
 q - 4 needles of slowing
 z - 8 needles of sleeping
Armour
 c - a +0 robe (worn)
 d - a +0 cloak (worn)
 l - a +0 helmet (worn)
Jewellery
 B - a ring of protection from magic (left hand)
Scrolls
 a - a scroll of random uselessness {unknown}
 k - 5 scrolls of recharging {unknown}
 m - 2 scrolls of identify {unknown}
 n - a scroll of immolation {unknown}
 o - a scroll of amnesia {unknown}
 p - 5 scrolls of remove curse {unknown}
 s - 3 scrolls of teleportation {unknown}
 u - a scroll of magic mapping {unknown}
 x - a scroll of fog {unknown}
 y - 2 scrolls of blinking {unknown}
 D - 3 scrolls of enchant weapon {unknown}
Potions
 g - 18 potions of blood
 h - a potion of berserk rage {unknown}
 i - 4 potions of might {unknown}
 j - 2 potions of curing
 r - a potion of lignification {unknown}
 t - a potion of cancellation {unknown}
 v - a potion of brilliance {unknown}
 w - 5 potions of flight {unknown}
 E - a potion of haste {unknown}


   Skills:
 + Level 2.5 Fighting
 + Level 2.5 Short Blades
 + Level 2.7 Throwing
 + Level 3.8 Dodging
 * Level 10.1 Stealth


You had 6 spell levels left.
You didn't know any spells.

Dungeon Overview and Level Annotations

Branches:
Dungeon (4/15)
 Temple: D:4-7

Altars:


Innate Abilities, Weirdness & Mutations

You heal slowly.
You have razor-sharp teeth.
You have supernaturally acute eyesight.
You can survive without breathing.


Message History

You impale the mummy!!
You destroy the mummy!
You have reached level 7!
You found a net trap! x2
A large net falls onto you!
You become entangled in the net!
You see here a throwing net.
Unknown command.
You try to slip out of the net.
You struggle against the net.
The mummy hits you!
* * * LOW HITPOINT WARNING * * *
You tear a large gash into the net.
The mummy hits you.
* * * LOW HITPOINT WARNING * * *
You try to slip out of the net.
It was a potion of curing.
You feel better. The mummy barely misses you.
You slip out of the net!
A large net falls onto you!
You become entangled in the net!
You found a needle trap!
You found an alarm trap!
You see here a throwing net.
You try to slip out of the net.
The mummy hits you!
You die...

#########
###.......#+#+#+#+#+#+#+
#.......................
.............^.^..^.....
.....∩.∩........^.......
.......^^..(...M@...^...
#........^.....^^.......
###.......#+#+#+#+#+#+#+
#########


You could see a mummy.

Vanquished Creatures
  Grinder (D:3)
  An orc wizard (D:3)
  Natasha (D:4)
  A hound skeleton (D:3)
  2 mummies (Ossuary)
  Robin (D:3)
  4 gnolls (D:2)
  5 adders
  3 oozes
  9 orcs (D:3)
  5 ball pythons
  4 giant cockroaches
  17 goblins
  8 hobgoblins
  11 jackals
  2 quokkas (D:3)
  16 bats
  2 giant geckos
  7 giant newts
  A goblin zombie (D:4)
  A jackal skeleton (D:4)
  11 kobolds
  A quokka zombie (D:4)
  10 rats
124 creatures vanquished.

Notes
Turn   | Place    | Note
--------------------------------------------------------------
     0 | D:1      | dohliylev the Vampire Assassin began the quest for the Orb.
     0 | D:1      | Reached XP level 1. HP: 16/16 MP: 1/1
    48 | D:1      | Reached skill level 6 in Stealth
   147 | D:1      | Reached XP level 2. HP: 15/22 MP: 2/2
   434 | D:1      | Reached skill level 7 in Stealth
   645 | D:1      | Reached XP level 3. HP: 27/27 MP: 3/3
  1047 | D:2      | Reached skill level 8 in Stealth
  1199 | D:2      | Reached XP level 4. HP: 23/33 MP: 4/4
  1742 | D:2      | Reached skill level 9 in Stealth
  2050 | D:3      | Reached XP level 5. HP: 37/39 MP: 5/5
  2071 | D:3      | Noticed Robin
  2094 | D:3      | Found a glowing drain.
  2128 | Sewer    | Entered a sewer
  3013 | D:3      | Noticed Grinder
  3015 | D:3      | Killed Grinder
  3015 | D:3      | Reached XP level 6. HP: 46/46 MP: 6/6
  3067 | D:3      | Reached skill level 10 in Stealth
  3129 | D:3      | HP: 1/46 [orc wizard/magic dart (9)]
  3648 | D:3      | Killed Robin
  4313 | D:4      | Noticed Natasha
  4323 | D:4      | Killed Natasha
  4336 | D:4      | Found a sand-covered staircase.
  4355 | Ossuary  | Entered an ossuary
  4376 | Ossuary  | Reached XP level 7. HP: 22/51 MP: 7/7
  4390 | Ossuary  | Slain by a mummy

Action                   |  1- 3 |  4- 6 |  7- 9 || total
-------------------------+-------+-------+-------++-------
Melee: Dagger            |    82 |   246 |       ||   328
 Fire: Blowgun           |    24 |    61 |       ||    85
 Abil: End Transformatio |     1 |     5 |       ||     6
       Bat Form          |     1 |     5 |       ||     6
  Use: Potion            |     1 |     5 |     1 ||     7
 Stab: Sleeping          |    17 |    27 |       ||    44
       Distracted        |       |     2 |       ||     2
       Held in net/web   |       |     1 |       ||     1
